 Dungeon Crawl Stone Soup version 0.21-a0-414-gba8bdf1 (webtiles) character file.

25 sagitran the Chucker (level 3, -2/37 HPs)
             Began as an Ogre Hunter on Nov 2, 2017.
             Killed by nerve-wracking pain
             ... invoked by Jessica
              (8 damage)
             ... on level 2 of the Dungeon.
             The game lasted 00:04:37 (1457 turns).

sagitran the Chucker (Ogre Hunter)                  Turns: 1457, Time: 00:04:37

Health: -2/37      AC:  3    Str: 17    XL:     3   Next: 6%
Magic:  0/3        EV: 10    Int: 12    God:
Gold:   49         SH:  0    Dex:  9    Spells: 2/2 levels left

rFire    . . .     SeeInvis .   f - +0 whip
rCold    . . .     Gourm    .   (no shield)
rNeg     . . .     Faith    .   b - +0 robe
rPois    .         Spirit   +   (helmet restricted)
rElec    .         Reflect  .   g - scarf {Spirit}
rCorr    .         Harm     .   (gloves unavailable)
MR       .....     Rnd*Tele +   (boots unavailable)
Stlth    +.........             (no amulet)
HPRegen  0.12/turn              k - ring of teleportation (curse)
MPRegen  0.08/turn              (no ring)

@: no status effects
A: unfitting armour, tough skin 1
a: no special abilities


You were on level 2 of the Dungeon.
You were not hungry.

You visited 1 branch of the dungeon, and saw 2 of its levels.

You collected 49 gold pieces.

Inventory:

Hand Weapons
 a - a +1 short sword
 f - a +0 whip (weapon)
Missiles
 c - a large rock (quivered)
 d - 2 throwing nets
Armour
 b - a +0 robe (worn)
 g - a scarf of spirit shield (worn)
Jewellery
 k - a cursed ring of teleportation (left hand)
Scrolls
 m - a scroll of amnesia {unknown}
Potions
 i - a potion of might {unknown}
 j - a potion of flight {unknown}
 l - a potion of mutation {unknown}
Comestibles
 h - 2 meat rations


   Skills:
 + Level 3.1 Fighting
 + Level 4.3 Throwing
 + Level 2.1 Dodging
 + Level 0.6 Stealth
 + Level 0.9 Unarmed Combat


You had 2 spell levels left.
You didn't know any spells.

Dungeon Overview and Level Annotations

Branches:
Dungeon (2/15)

Altars:

Annotations:
D:2 Jessica


Innate Abilities, Weirdness & Mutations

You are too large for most types of armour.
You have tough skin. (AC +1)


Message History

The hobgoblin barely misses you. Jessica hits you.
The hobgoblin hits you with a club.
* * * LOW HITPOINT WARNING * * *
Jessica mumbles some strange words.
Jessica blinks!
Throwing (i - inventory. (,) - cycle):
c - 3 large rocks (quivered)
Press: ? - help, Shift-Dir - straight line, f/p - Jessica
Aim: Jessica, wearing a robe You throw a large rock.
The large rock closely misses Jessica.
The hobgoblin hits you with a club.
* * * LOW HITPOINT WARNING * * *
The hobgoblin hits you but does no damage.
A frilled lizard comes into view.
Throwing (i - inventory. (,) - cycle):
c - 2 large rocks (quivered)
Press: ? - help, Shift-Dir - straight line, f/p - Jessica
Aim: Jessica, wearing a robe You throw a large rock.
The large rock closely misses Jessica.
Jessica casts a spell at you. Pain shoots through your body!
You die...

.. #. #. #.
#. ### #$ #
....l#g##(#
#(.@@(.#
#.###..#
.....
.......
.###### ##


You could see Jessica, a hobgoblin and a frilled lizard.

Vanquished Creatures
  An adder (D:2)
  A dart slug (D:1)
  3 hobgoblins (D:1)
  3 kobolds
  A bat (D:1)
  A frilled lizard (D:2)
  A goblin (D:1)
  5 rats (D:1)
16 creatures vanquished.

Notes
Turn   | Place    | Note
-------+----------+-------------------------------------------
     0 | D:1      | sagitran the Ogre Hunter began the quest for the Orb.
     0 | D:1      | Reached XP level 1. HP: 22/22 MP: 1/1
   576 | D:1      | Reached XP level 2. HP: 13/29 MP: 2/2
  1450 | D:2      | Reached XP level 3. HP: 23/37 MP: 1/3
  1452 | D:2      | Noticed Jessica
  1457 | D:2      | Killed from afar by Jessica

Vault maps used:
D:1:      erik_arrival_cave_to_civilisation
D:2:      uniq_sigmund, uniq_crazy_yiuf_cottage, uniq_jessica

Skill      XL: |  1  2 |
---------------+-------+-----
Dodging        | 2 |  2.1
Fighting       | 3 |  3.1
Throwing       | |  4.3
Stealth        | |  0.6
Unarmed Combat | |  0.9

Action                   || total
-------------------------++-------
Melee: Unarmed           ||    79
       Short sword       ||     7
       Whip              ||    10
Throw: Large rock        ||    11
  Use: Scroll            ||     1
       Potion            ||     1
  Eat: Bread ration      ||     1
       Chunk             ||     1
Armor: Robe              ||    30
Dodge: Dodged            ||    40

Table legend:
 A = Spawn XP
 B = Non-spawn XP
 C = Spawn XP percentage of total XP
 D = Spawn monster count
 E = Non-spawn monster count
 F = Spawn count percentage of total count
 G = Total turns spent on level
                    A         B        C        D         E        F      G
               +---------+---------+-------+---------+---------+-------+---------
         Total |       0 |      37 |   0.0 |       0 |      16 |   0.0 |  1457
               +---------+---------+-------+---------+---------+-------+---------
           D:1 |       0 |      21 |   0.0 |       0 |      13 |   0.0 |  1429
           D:2 |       0 |      16 |   0.0 |       0 |       3 |   0.0 |    28
               +---------+---------+-------+---------+---------+-------+---------
